 Dungeon Crawl Stone Soup version 0.19-a0-1827-g174f941 (console) character file.

332 brucemayne the Chopper (level 6, -1/51 HPs)
             Began as a Hill Orc Monk on Oct 7, 2016.
             Shot with an arrow by a centaur (5 damage)
             ... on level 6 of the Dungeon.
             The game lasted 00:09:44 (1920 turns).

brucemayne the Chopper (Hill Orc Monk)              Turns: 1920, Time: 00:09:45

Health: -1/51      AC:  8    Str: 14    XL:     6   Next: 52%
Magic:  6/6        EV:  6    Int: 12    God:
Gold:   121        SH:  0    Dex: 13    Spells: 0 memorised, 5 levels left

rFire  + . .     SeeInvis .     a - +1 hand axe
rCold  + . .     Gourm    .     q - +0 chain mail
rNeg   . . .     Faith    .     (no shield)
rPois  +         Spirit   .     (helmet restricted)
rElec  +         Dismiss  .     (no cloak)
rCorr  +         Reflect  .     (no gloves)
MR     +....     Harm     .     (no boots)
Stlth  ..........               (no amulet)
                                (no ring)
                                (no ring)

@: resistant, very slightly contaminated, hasted, very quick
A: hooves 1, horns 1, blurry vision 1, clever 1, magic resistance 1, weak 1
a: no special abilities


You were on level 6 of the Dungeon.
You were hungry.

You visited 1 branch of the dungeon, and saw 6 of its levels.

You collected 121 gold pieces.

Inventory:

Hand Weapons
 a - a +1 hand axe (weapon)
 g - a +1 mace of crushing
Armour
 b - a +0 robe
 e - a +0 plate armour
 h - a +0 scale mail
 p - a +0 helmet
 q - a +0 chain mail (worn)
Scrolls
 d - a scroll of remove curse {unknown}
 f - a scroll of identify
 i - a scroll of magic mapping {unknown}
 l - a scroll of enchant armour {unknown}
 n - 2 scrolls of enchant weapon
Books
 m - a book of Misfortune

   Spells                             Type                      Level
   a - Confusing Touch                Hexes                        1
   b - Confuse                        Hexes                        3
   c - Gell's Gravitas                Hexes/Translocation          3
   d - Petrify                        Transmutation/Earth          4
   e - Metabolic Englaciation         Hexes/Ice                    5
   f - Yara's Violent Unravelling     Hexes/Transmutation          5
Comestibles
 c - 2 bread rations


   Skills:
 - Level 3.6 Fighting
 + Level 7.1 Axes
 - Level 2.4 Dodging
 + Level 4.4 Stealth


You had 5 spell levels left.
You didn't know any spells.

Dungeon Overview and Level Annotations

Branches:
Dungeon (6/15)
 Temple: D:4-7

Altars:
Zin

Annotations:
D:2 Sigmund
D:5 Blork the orc, Prince Ribbit


Innate Abilities, Weirdness & Mutations

You have large cloven feet.
You have a pair of small horns on your head.
Scrolls take you a little longer to read.
Your mind is acute. (Int +2)
You are resistant to hostile enchantments. (MR+)
You are weak. (Str -2)


Message History

You aren't carrying any potions.
Unknown command.
Unknown command.
You aren't carrying any potions.
Unknown command.
You aren't wearing any rings or amulets.
Unknown command.
Really read with blurry vision while enemies are nearby?
You begin reading the scroll.
You continue reading the scroll.
Blork the orc hits you with a glaive of flaming.
* * * LOW HITPOINT WARNING * * *
As you read the scroll of fear, it crumbles to dust.
You assume a fearsome visage.
Blork the orc looks frightened!
The ice beast looks frightened!
Blork the orc gestures wildly while chanting.
Blork the orc flickers and vanishes!
Deactivating autopickup; reactivate with Ctrl-A.
There is a stone staircase leading down here.
You climb downwards.
The centaur shoots an arrow.
The arrow hits you.
You die...

###########.
#...........
#####.##########
#.....# ##(##..#
##...##.#
##8..c8###
#.......#
#.@.8.<.#
#......(#
##8.<.8##
##...## #####


You could see a centaur.

Vanquished Creatures
  A sky beast (D:4)
  A hound (D:4)
  3 orc priests (D:4)
  A worker ant (D:4)
  A worker ant zombie (D:5)
  3 adders
  2 dart slugs (D:1)
  6 orcs
  4 giant cockroaches
  2 goblins
  5 hobgoblins
  7 jackals
  4 kobolds
  4 bats
  2 frilled lizards
  A jackal skeleton (D:4)
  3 rats
50 creatures vanquished.

Vanquished Creatures (others)
  An orc (D:4)
1 creature vanquished.

Grand Total: 51 creatures vanquished

Notes
Turn   | Place    | Note
-------+----------+-------------------------------------------
     0 | D:1      | brucemayne the Hill Orc Monk began the quest for the Orb.
     0 | D:1      | Reached XP level 1. HP: 19/19 MP: 1/1
    68 | D:1      | Reached XP level 2. HP: 12/26 MP: 2/2
   219 | D:1      | You fall through a shaft!
   219 | D:2      | Noticed Sigmund
   315 | D:1      | Reached XP level 3. HP: 22/31 MP: 3/3
   449 | D:3      | Noticed a centaur
   484 | D:3      | Found a glowing silver altar of Zin.
   532 | D:3      | Reached skill level 5 in Axes
   729 | D:3      | Reached XP level 4. HP: 7/39 MP: 4/4
  1060 | D:5      | Entered Level 5 of the Dungeon
  1078 | D:5      | Noticed a sky beast
  1239 | D:5      | Noticed Prince Ribbit
  1337 | D:4      | Reached XP level 5. HP: 15/45 MP: 5/5
  1358 | D:4      | Reached skill level 6 in Axes
  1430 | D:4      | Noticed an ogre
  1525 | D:4      | Reached XP level 6. HP: 23/51 MP: 6/6
  1788 | D:4      | Killed a sky beast
  1788 | D:4      | Reached skill level 7 in Axes
  1795 | D:4      | Gained mutation: You are weak. (Str -2) [mutagenic meat]
  1798 | D:4      | Gained mutation: You are resistant to hostile enchantments. (MR+) [mutagenic meat]
  1801 | D:4      | Gained mutation: Scrolls take you a little longer to read. [mutagenic meat]
  1804 | D:4      | Gained mutation: Your mind is acute. (Int +2) [mutagenic meat]
  1838 | D:6      | Noticed an ice beast
  1884 | D:6      | Gained mutation: You have large cloven feet. [potion of mutation]
  1884 | D:6      | Gained mutation: You have a pair of small horns on your head. [potion of mutation]
  1909 | D:5      | Noticed Blork the orc
  1920 | D:6      | Shot with an arrow by a centaur

Vault maps used:
D:1:      co_arrival_random_square_maze, hangedman_decor_clover_reticule
D:2:      uniq_iyjb, uniq_sigmund, uniq_jessica
D:3:      overflow_temple_1_default, gup_sewer_entry_glass, item_on_display_b
D:4:      first_bread
D:5:      lemuel_statue_altar, uniq_blork_the_orc, uniq_eustachio,
          uniq_prince_ribbit1
D:6:      nicolae_overflow_hidden_temple, lemuel_doored_altar,
          grunt_ministairs_7

Skill      XL: |  1  2  3  4  5  6 |
---------------+-------------------+-----
Stealth        | 2 3 4 |  4.4
Axes           | 5 6 7 |  7.1
Fighting       | |  3.6
Dodging        | |  2.4

Action                   |  1- 3 |  4- 6 || total
-------------------------+-------+-------++-------
Melee: Hand axe          |   118 |   124 ||   242
       Kick              |       |     2 ||     2
Throw: Throwing net      |       |     2 ||     2
  Use: Scroll            |       |     4 ||     4
       Potion            |       |     5 ||     5
 Stab: Sleeping          |     4 |       ||     4
       Distracted        |       |     1 ||     1
  Eat: Chunk             |       |     7 ||     7
Armor: Robe              |     5 |       ||     5
       Scale mail        |    41 |    32 ||    73
       Skin              |       |    13 ||    13
       Plate armour      |       |    14 ||    14
       Chain mail        |       |     8 ||     8
Dodge: Dodged            |    83 |    47 ||   130
